AoeStats
← cdlm

Golden Pit

509801428Analyzed
1v1 RM · 5d ago on Sep 28, 2026· 44m 32s· 2 players
Game mode
Random Map
Map size
Tiny (2 player)
Population
200
Speed
Normal
Resources
Standard
Victory
Conquest
Starting age
Dark Age
Ending age
Imperial Age
RankedLock teamsTeams togetherTeam positionsShared explorationLock speedFull tech treeHidden civsTurbo modeCheats
Victory
Defeat
🇨🇱 Mongols · Chile
685
+13
🇺🇸 Tatars · United States
624
-13
NoMojoMofo
1:30 Loom
10:53 Feudal Age
11:20 Double-Bit Axe
11:21 Horse Collar
12:46 Wheelbarrow
12:27 Town Watch
13:28 Gold Mining
15:06 Man-at-Arms
20:42 Arson
26:15 Castle Age
25:11 Fletching
25:53 Scale Mail Armor
26:08 Stone Mining
28:01 Forging
29:06 Pikeman
30:53 Squires
32:36 Bodkin Arrow
37:48 Bow Saw
39:15 Scale Barding Armor
40:03 Iron Casting
39:51 Husbandry
40:05 Bloodlines
41:29 Chain Barding Armor
47:30 Imperial Age
cdlm
5:15 Loom
6:15 Loom
10:05 Feudal Age
13:23 Double-Bit Axe
14:43 Gold Mining
15:57 Town Watch
17:16 Horse Collar
18:37 Stone Mining
21:04 Castle Age
21:32 Light Cavalry
22:25 Bloodlines
22:15 Husbandry
25:51 Heavy Plow
26:14 Town Patrol
27:34 Stone Shaft Mining
28:25 Wheelbarrow
31:03 Hand Cart
31:28 Bow Saw
34:01 Scale Barding Armor
33:56 Padded Archer Armor
33:47 Fletching
34:08 Thumb Ring
33:24 Elite Skirmisher
38:35 Imperial Age
37:26 Gold Shaft Mining
37:07 Bodkin Arrow
41:37 Capped Ram
43:17 Heavy Camel Rider
Connection lost

Rejoining the realm…

Still unreachable

The connection could not be restored.

Session expired

The server has moved on; the page needs a fresh start.